 Dungeon Crawl Stone Soup version 0.21.1-1-g345015fe64 (webtiles) character file.

42 Loge the Ruffian (level 3, -2/28 HPs)
             Began as a Draconian Transmuter on July 16, 2018.
             Slain by a worker ant (4 damage)
             ... on level 1 of the Dungeon.
             The game lasted 00:09:33 (1676 turns).

Loge the Ruffian (Draconian Transmuter)             Turns: 1676, Time: 00:09:33

Health: -2/28      AC:  5    Str: 12    XL:     3   Next: 35%
Magic:  5/6        EV: 12    Int: 14    God:
Gold:   41         SH:  0    Dex: 11    Spells: 3/6 levels left

rFire    . . .     SeeInvis .     - Unarmed
rCold    . . .     Gourm    .   (no shield)
rNeg     . . .     Faith    .   (armour unavailable)
rPois    .         Spirit   .   (helmet restricted)
rElec    .         Reflect  .   (no cloak)
rCorr    .         Harm     .   (no gloves)
MR       .....                  (no boots)
Stlth    +.........             (no amulet)
HPRegen  0.09/turn              (no ring)
MPRegen  0.10/turn              (no ring)

@: lethally poisoned (-2 -> -6), appendage
A: unfitting armour, horns 2, cold-blooded, AC +5
a: End Transformation


You were on level 1 of the Dungeon.
You were very hungry.
You had grown temporary horns.
You visited 1 branch of the dungeon, and saw 2 of its levels.

You collected 41 gold pieces.

Inventory:

Missiles
 a - 12 arrows
 h - 13 poisoned needles
 j - 21 stones (quivered)
Scrolls
 g - a scroll of remove curse {unknown}
 k - a scroll of magic mapping {unknown}
 l - 2 scrolls of fog {unknown}
Potions
 d - a potion of lignification {unknown}
 e - a potion of might {unknown}
 f - a potion of brilliance {unknown}
 i - a potion of magic {unknown}
Books
 b - a book of Changes

   Spells                             Type                      Level
   a - Beastly Appendage              Transmutation                1
   b - Sticks to Snakes               Transmutation                2
   c - Spider Form                    Transmutation/Poison         3
   d - Ice Form                       Ice/Transmutation            4
   e - Blade Hands                    Transmutation                5
Comestibles
 c - 2 rations


   Skills:
 - Level 1.1 Fighting
 - Level 1.7 Dodging
 * Level 3.6 Unarmed Combat
 + Level 2.3 Spellcasting
 * Level 2.8 Transmutations


You had 3 spell levels left.
You knew the following spells:

 Your Spells              Type           Power        Failure   Level  Hunger
a - Beastly Appendage     Tmut           #.....       7%          1    #......
b - Sticks to Snakes      Tmut           #.......     11%         2    ###....


Dungeon Overview and Level Annotations

Branches:
Dungeon (2/15)

Altars:


Innate Abilities, Weirdness & Mutations

Your plain brown scales are hard. (AC +5)
You cannot fit into any form of body armour.
You are cold-blooded and may be slowed by cold attacks.
You have a pair of horns on your head.


Message History

The worker ant is lightly wounded.
You feel sick. The worker ant completely misses you.
You feel sick.
You feel sick. The worker ant bites you.
You feel sick.
Your talons disappear.
There is a stone staircase leading up here.
You feel sick. The worker ant misses you.
You climb upwards.
There is a stone staircase leading down here.
Casting: Beastly Appendage
Confirm with . or Enter, or press ? or * to list all spells.
You grow a pair of large bovine horns.
You feel sick. The worker ant bites you!
* * * LOW HITPOINT WARNING * * *
You are feeling very hungry.
The worker ant closely misses you. The worker ant barely misses you.
You closely miss the worker ant.
The worker ant is lightly wounded.
The worker ant bites you.
You die...

###### ### #.#..# #########.####
##.#..##############.............
#....................#######..###
#####.######################.....
#..........................#...##
##.##.#..........................
#.##.#..#########...........####
#.##.#........a@'...............
#.##.#..#######.#...........####
#.##.#.............)........# #.
#.##.#.########.#...........# #.
#.##.#.#........#...........# #.
#.##.#.#..##.#..#########.#.# #.
#.##.#+#.....#........# #.#.# #.
#.##..................###.#.###.
#.##............................


You could see a worker ant.

Vanquished Creatures
  An adder (D:2)
  2 dart slugs (D:1)
  7 goblins (D:1)
  6 hobgoblins (D:1)
  5 kobolds (D:1)
  3 bats (D:1)
  A frilled lizard (D:1)
  5 rats
30 creatures vanquished.

Notes
Turn   | Place    | Note
-------+----------+-------------------------------------------
     0 | D:1      | Loge the Draconian Transmuter began the quest for the Orb.
     0 | D:1      | Reached XP level 1. HP: 16/16 MP: 3/3
   442 | D:1      | Reached XP level 2. HP: 17/23 MP: 1/5
   527 | D:1      | Learned a level 2 spell: Sticks to Snakes
  1114 | D:1      | Reached XP level 3. HP: 28/28 MP: 4/6
  1676 | D:1      | Slain by a worker ant

Action                   || total
-------------------------++-------
Melee: Unarmed           ||    86
       Tailslap          ||     8
       Kick              ||     7
       Headbutt          ||     4
 Cast: Beastly Appendage ||    26
  Eat: Chunk             ||     2
Armor: Skin              ||    18
Dodge: Dodged            ||    56
